NWL (28 & UNDER)
BISMARCK BARONS @ RIVERSIDE RED BULLS
09/21/2027
 
TOP OF THE 1ST
Bismarck Barons batting - Pitching for Riverside Red Bulls : RHP Ricardo López
Pitching: RHP Ricardo López
Batting: SHB Álex Hernández 0-0: Ball
1-0: Ball
2-0: Ball
3-0: Called Strike
3-1: Called Strike
3-2: Base on Balls
Batting: LHB John Frost 0-0: Hit by Pitch
Álex Hernández to second
Batting: RHB Michael Thomas 0-0: Ball
1-0: Fly out, F9 (Flyball, 89S)
Batting: LHB José Martínez 0-0: Called Strike
0-1: Ball
1-1: Ball
2-1: Foul Ball, location: 2F
2-2: Ball
3-2: Fly out, F8 (Line Drive, 8RM)
Batting: LHB Jesús Bueno 0-0: Called Strike
0-1: Fly out, F7 (Flyball, 7)
Top of the 1st over - 0 run(s), 0 hit(s), 0 error(s), 2 left on base; Bismarck 0 - Riverside 0
BOTTOM OF THE 1ST
Riverside Red Bulls batting - Pitching for Bismarck Barons : RHP Domingo León
Pitching: RHP Domingo León
Batting: RHB Kevin Brown 0-0: Called Strike
0-1: Foul Ball, location: 2F
0-2: Ground out 5-3 (Groundball, 56S)
Batting: LHB Carlos Castillo 0-0: Called Strike
0-1: Ball
1-1: Swinging Strike
1-2: Strikes out swinging
Batting: RHB Pedro Mata 0-0: Swinging Strike
0-1: Ball
1-1: Ball
2-1: Ball
3-1: Base on Balls
Batting: SHB Walt Simmons 0-0: Fielders Choice at 2nd, 5-4 (Groundball, 56)
Bottom of the 1st over - 0 run(s), 0 hit(s), 0 error(s), 0 left on base; Bismarck 0 - Riverside 0
TOP OF THE 2ND
Bismarck Barons batting - Pitching for Riverside Red Bulls : RHP Ricardo López
Batting: SHB Manuel Hegnauer 0-0: Called Strike
0-1: Fly out, F5 (Flyball, 5D)
Batting: SHB Jeff Chambers 0-0: Ball
1-0: SINGLE (Line Drive, 8LS)
Batting: RHB Fernando Castellanos 0-0: Ball
1-0: Foul Ball, location: 2F
1-1: Swinging Strike
1-2: Foul Ball, location: 2F
1-2: Strikes out swinging
Batting: RHB Felipe Domínguez 0-0: Ball
1-0: Called Strike
1-1: Ball
2-1: Ball
3-1: Ground out 6-3 (Groundball, 6M)
Top of the 2nd over - 0 run(s), 1 hit(s), 0 error(s), 1 left on base; Bismarck 0 - Riverside 0
BOTTOM OF THE 2ND
Riverside Red Bulls batting - Pitching for Bismarck Barons : RHP Domingo León
Batting: RHB Patrick Daniels 0-0: Foul Ball, location: 2F
0-1: Ball
1-1: Ball
2-1: Swinging Strike
2-2: Fly out, F8 (Flyball, 8LD)
Batting: LHB Nathan Frey 0-0: Ball
1-0: Swinging Strike
1-1: Called Strike
1-2: Ball
2-2: Ball
3-2: Base on Balls
Batting: LHB José Arce 0-0: SINGLE (Line Drive, 6D)
Nathan Frey to second
Batting: RHB Alfredo Montalvo 0-0: Foul Ball, location: 2F
0-1: Grounds into double play, 1-4-3 (Groundball, 15S)
Bottom of the 2nd over - 0 run(s), 1 hit(s), 0 error(s), 1 left on base; Bismarck 0 - Riverside 0
TOP OF THE 3RD
Bismarck Barons batting - Pitching for Riverside Red Bulls : RHP Ricardo López
Batting: SHB Álex Hernández 0-0: SINGLE (Line Drive, 4)
Batting: LHB John Frost 0-0: Called Strike
Álex Hernández steals 2nd base
0-1: Swinging Strike
0-2: Ball
1-2: Ball
2-2: Ball
3-2: Ground out 4-3 (Groundball, 4)
Álex Hernández to third
Pitching: RHP Gene Whitley
Batting: RHB Michael Thomas 0-0: Called Strike
0-1: Ball
1-1: Called Strike
1-2: Ball
2-2: 2-RUN HOME RUN (Line Drive, 7LD), Distance : 411 ft
Batting: LHB José Martínez 0-0: Called Strike
0-1: Called Strike
0-2: Ball
1-2: Ball
2-2: Foul Ball, location: 2F
2-2: Ball
3-2: Base on Balls
Batting: LHB Jesús Bueno 0-0: Ball
1-0: Grounds into double play, 6-4-3 (Groundball, 6)
Top of the 3rd over - 2 run(s), 2 hit(s), 0 error(s), 0 left on base; Bismarck 2 - Riverside 0
BOTTOM OF THE 3RD
Riverside Red Bulls batting - Pitching for Bismarck Barons : RHP Domingo León
Batting: RHB Isaac Pope 0-0: Ball
1-0: Ball
2-0: Swinging Strike
2-1: Foul Ball, location: 2F
2-2: Strikes out swinging
Batting: RHB Kevin Brown 0-0: Ball
1-0: DOUBLE (Line Drive, 8LD)
Batting: LHB Carlos Castillo 0-0: Ball
Kevin Brown is caught stealing 3rd base
1-0: Ball
2-0: Ball
3-0: Base on Balls
Batting: RHB Pedro Mata 0-0: Called Strike
0-1: Ball
1-1: Foul Ball, location: 2F
1-2: Strikes out swinging
Bottom of the 3rd over - 0 run(s), 1 hit(s), 0 error(s), 1 left on base; Bismarck 2 - Riverside 0
TOP OF THE 4TH
Bismarck Barons batting - Pitching for Riverside Red Bulls : RHP Gene Whitley
Batting: SHB Manuel Hegnauer 0-0: Ball
1-0: Called Strike
1-1: Ball
2-1: Ground out 5-3 (Groundball, 56S)
Batting: SHB Jeff Chambers 0-0: Called Strike
0-1: Ball
1-1: Called Strike
1-2: Strikes out swinging
Batting: RHB Fernando Castellanos 0-0: Called Strike
0-1: Called Strike
0-2: Ball
1-2: Strikes out looking
Top of the 4th over - 0 run(s), 0 hit(s), 0 error(s), 0 left on base; Bismarck 2 - Riverside 0
BOTTOM OF THE 4TH
Riverside Red Bulls batting - Pitching for Bismarck Barons : RHP Domingo León
Batting: SHB Walt Simmons 0-0: Called Strike
0-1: Called Strike
0-2: Foul Ball, location: 2F
0-2: Ball
1-2: Ball
2-2: Strikes out swinging
Batting: RHB Patrick Daniels 0-0: Ball
1-0: DOUBLE (Flyball, 89D)
Batting: LHB Nathan Frey 0-0: Ball
1-0: Ball
2-0: Ball
3-0: Base on Balls
Batting: LHB José Arce 0-0: Ball
1-0: Called Strike
1-1: Fly out, F7 (Flyball, 7LD)
Runner from 2nd tags up, SAFE at 3rd, no throw
Batting: RHB Alfredo Montalvo 0-0: Called Strike
0-1: Ball
1-1: Foul Ball, location: 2F
1-2: Strikes out swinging
Bottom of the 4th over - 0 run(s), 1 hit(s), 0 error(s), 2 left on base; Bismarck 2 - Riverside 0
TOP OF THE 5TH
Bismarck Barons batting - Pitching for Riverside Red Bulls : RHP Gene Whitley
Batting: RHB Felipe Domínguez 0-0: Ball
1-0: Ball
2-0: Ball
3-0: Base on Balls
Batting: SHB Álex Hernández 0-0: Foul Ball, location: 2F
0-1: Ball
1-1: Called Strike
1-2: Ball
2-2: Strikes out looking
Batting: LHB John Frost 0-0: Called Strike
0-1: Ball
1-1: Ball
2-1: Called Strike
2-2: Foul Ball, location: 2F
2-2: Foul Ball, location: 2F
2-2: Ball
3-2: Base on Balls
Felipe Domínguez to second
Batting: RHB Michael Thomas 0-0: Ball
1-0: SINGLE (Line Drive, 4D)
Felipe Domínguez to third
John Frost to second
Batting: LHB José Martínez 0-0: Foul Ball, location: 2F
0-1: Ball
1-1: Ball
2-1: Called Strike
2-2: Foul Ball, location: 2F
2-2: Strikes out swinging
Batting: LHB Jesús Bueno 0-0: Ball
1-0: Foul Ball, location: 2F
1-1: Ball
2-1: Foul Ball, location: 2F
2-2: SINGLE (Line Drive, 78S)
Felipe Domínguez scores
John Frost to third
Michael Thomas to second
Runner from 3rd tries for Home, SAFE, no throw
Pitching: RHP Carlos Rodríguez
Batting: SHB Manuel Hegnauer 0-0: Ball
1-0: Ball
2-0: Called Strike
2-1: Reached on error, E3 (Popup, 3S)
Michael Thomas to third
Jesús Bueno to second
Batting: SHB Jeff Chambers 0-0: Swinging Strike
0-1: Foul Ball, location: 2F
0-2: Foul Ball, location: 2F
0-2: Fly out, F8 (Flyball, 8RM)
Top of the 5th over - 2 run(s), 2 hit(s), 1 error(s), 3 left on base; Bismarck 4 - Riverside 0
BOTTOM OF THE 5TH
Riverside Red Bulls batting - Pitching for Bismarck Barons : RHP Domingo León
Batting: RHB Isaac Pope 0-0: Called Strike
0-1: Foul Ball, location: 2F
0-2: Strikes out swinging
Batting: RHB Kevin Brown 0-0: Ball
1-0: Called Strike
1-1: Ground out 6-3 (Groundball, 6)
Batting: LHB Carlos Castillo 0-0: Ground out 4-3 (Groundball, 4)
Bottom of the 5th over - 0 run(s), 0 hit(s), 0 error(s), 0 left on base; Bismarck 4 - Riverside 0
TOP OF THE 6TH
Bismarck Barons batting - Pitching for Riverside Red Bulls : RHP Carlos Rodríguez
Batting: RHB Fernando Castellanos 0-0: SINGLE (Line Drive, 78S)
Batting: RHB Felipe Domínguez 0-0: DOUBLE (Groundball, 5L)
Fernando Castellanos to third
Batting: SHB Álex Hernández 0-0: Ball
1-0: Ball
2-0: Ground out U3 (Groundball, 34)
Fernando Castellanos scores
Felipe Domínguez to third
Batting: LHB John Frost 0-0: Ball
1-0: Called Strike
1-1: Ball
2-1: Ball
3-1: Base on Balls
Batting: RHB Michael Thomas 0-0: Called Strike
0-1: SINGLE (Groundball, 34D)
Felipe Domínguez scores
John Frost to second
Runner from 2nd tries for 3rd, SAFE, throw made to third
Batting: LHB José Martínez 0-0: Called Strike
Michael Thomas steals 2nd base
0-1: Ball
1-1: Foul Ball, location: 2F
1-2: Ball
2-2: Ground out 4-3 (Groundball, 4)
John Frost scores
Michael Thomas to third
Pitching: LHP Curt Bennett
Batting: LHB Jesús Bueno 0-0: Ball
1-0: SINGLE (Groundball, 5D)
Michael Thomas scores
Batting: SHB Manuel Hegnauer 0-0: Foul Ball, location: 2F
0-1: Called Strike
0-2: Hit by Pitch
Jesús Bueno to second
Batting: SHB Jeff Chambers 0-0: Fly out, F8 (Flyball, 78D)
Top of the 6th over - 4 run(s), 4 hit(s), 0 error(s), 2 left on base; Bismarck 8 - Riverside 0
BOTTOM OF THE 6TH
Riverside Red Bulls batting - Pitching for Bismarck Barons : RHP Domingo León
Batting: RHB Pedro Mata 0-0: SINGLE (Line Drive, 7LS)
Batting: SHB Walt Simmons 0-0: Ball
1-0: Grounds into double play, 6-4-3 (Groundball, 6)
Batting: RHB Patrick Daniels 0-0: Called Strike
0-1: SINGLE (Line Drive, 34D)
Batting: LHB Nathan Frey 0-0: Ball
1-0: Called Strike
1-1: Foul Ball, location: 2F
1-2: Ball
2-2: Foul Ball, location: 2F
2-2: Ball
Wild Pitch!
Patrick Daniels to second
3-2: Base on Balls
Batting: LHB José Arce 0-0: Ball
1-0: SINGLE (Groundball, 56D)
Patrick Daniels to third
Nathan Frey to second
Runner from 3rd tries for Home, SAFE, no throw
Pitching: RHP Jesús Díaz
Batting: RHB Alfredo Montalvo 0-0: Foul Ball, location: 2F
0-1: Reached on error, E5 (Groundball, 56)
Nathan Frey to third
José Arce to second
Batting: RHB Isaac Pope 0-0: Fielders Choice at 2nd, 6-4 (Groundball, 6)
Bottom of the 6th over - 1 run(s), 3 hit(s), 1 error(s), 2 left on base; Bismarck 8 - Riverside 1
TOP OF THE 7TH
Bismarck Barons batting - Pitching for Riverside Red Bulls : LHP Curt Bennett
Batting: RHB Fernando Castellanos 0-0: Fly out, F8 (Flyball, 8RS)
Batting: RHB Felipe Domínguez 0-0: Foul Ball, location: 2F
0-1: Foul Ball, location: 2F
0-2: Foul Ball, location: 2F
0-2: Foul Ball, location: 2F
0-2: Ground out 6-3 (Groundball, 6)
Batting: SHB Álex Hernández 0-0: Called Strike
0-1: Foul Ball, location: 2F
0-2: Ground out 6-3 (Groundball, 6S)
Top of the 7th over - 0 run(s), 0 hit(s), 0 error(s), 0 left on base; Bismarck 8 - Riverside 1
BOTTOM OF THE 7TH
Riverside Red Bulls batting - Pitching for Bismarck Barons : RHP Jesús Díaz
Batting: RHB Kevin Brown 0-0: Ball
1-0: Called Strike
1-1: Ball
2-1: Ground out 6-3 (Groundball, 6S)
Batting: LHB Carlos Castillo 0-0: Called Strike
0-1: Ball
1-1: Foul Ball, location: 2F
1-2: Foul Ball, location: 2F
1-2: Foul Ball, location: 2F
1-2: Foul Ball, location: 2F
1-2: Foul Ball, location: 2F
1-2: Foul Ball, location: 2F
1-2: Ground out 6-3 (Groundball, 6M)
Batting: RHB Pedro Mata 0-0: Ball
1-0: Ball
2-0: Foul Ball, location: 2F
2-1: Ball
3-1: Base on Balls
Batting: SHB Walt Simmons 0-0: Foul Ball, location: 2F
0-1: Fly out, F7 (Flyball, 78S)
Bottom of the 7th over - 0 run(s), 0 hit(s), 0 error(s), 1 left on base; Bismarck 8 - Riverside 1
TOP OF THE 8TH
Bismarck Barons batting - Pitching for Riverside Red Bulls : LHP Curt Bennett
Batting: LHB John Frost 0-0: Foul Ball, location: 2F
0-1: Ball
1-1: Foul Ball, location: 2F
1-2: Strikes out looking
Batting: RHB Michael Thomas 0-0: Called Strike
0-1: Called Strike
0-2: Ball
1-2: Fly out, F7 (Flyball, 7LD)
Batting: LHB José Martínez 0-0: Called Strike
0-1: Ball
1-1: Ball
2-1: Fly out, F9 (Flyball, 9S)
Top of the 8th over - 0 run(s), 0 hit(s), 0 error(s), 0 left on base; Bismarck 8 - Riverside 1
BOTTOM OF THE 8TH
Riverside Red Bulls batting - Pitching for Bismarck Barons : RHP Jesús Díaz
Now at 3B: Mark Roy
Batting: RHB Patrick Daniels 0-0: Swinging Strike
0-1: Called Strike
0-2: Foul Ball, location: 2F
0-2: Foul Ball, location: 2F
0-2: Ball
1-2: Strikes out swinging
Batting: LHB Nathan Frey 0-0: Ball
1-0: Ball
2-0: Called Strike
2-1: Ground out 4-3 (Groundball, 4)
Batting: LHB José Arce 0-0: Called Strike
0-1: Called Strike
0-2: Ball
1-2: Ground out 1-3 (Groundball, 13S)
Bottom of the 8th over - 0 run(s), 0 hit(s), 0 error(s), 0 left on base; Bismarck 8 - Riverside 1
TOP OF THE 9TH
Bismarck Barons batting - Pitching for Riverside Red Bulls : LHP Curt Bennett
Batting: LHB Jesús Bueno 0-0: Foul Ball, location: 2F
0-1: Called Strike
0-2: Strikes out looking
Batting: SHB Manuel Hegnauer 0-0: Ground out 1-3 (Groundball, 13S)
Batting: SHB Jeff Chambers 0-0: Called Strike
0-1: Ball
1-1: Called Strike
1-2: Hit by Pitch
Batting: RHB Fernando Castellanos 0-0: Ball
1-0: Called Strike
1-1: Fly out, F9 (Flyball, 9LS)
Top of the 9th over - 0 run(s), 0 hit(s), 0 error(s), 1 left on base; Bismarck 8 - Riverside 1
BOTTOM OF THE 9TH
Riverside Red Bulls batting - Pitching for Bismarck Barons : RHP Jesús Díaz
Batting: RHB Alfredo Montalvo 0-0: Ball
1-0: Called Strike
1-1: Ball
2-1: Foul Ball, location: 2F
2-2: Foul Ball, location: 2F
2-2: Strikes out swinging
Batting: RHB Isaac Pope 0-0: Ball
1-0: Called Strike
1-1: Ball
2-1: Called Strike
2-2: Foul Ball, location: 2F
2-2: Ball
3-2: Strikes out looking
Batting: RHB Kevin Brown 0-0: Ball
1-0: Swinging Strike
1-1: Swinging Strike
1-2: Ball
2-2: Strikes out swinging
Bottom of the 9th over - 0 run(s), 0 hit(s), 0 error(s), 0 left on base; Bismarck 8 - Riverside 1
Thursday, March 30th, 2017 - OOTP Baseball 17.12 Build 75